 Dungeon Crawl Stone Soup version 0.23.2-1-ga50397a (webtiles) character file.

Game seed: 7730248705525906131

21 wilfster70 the Sneak (level 2, 0/13 HPs)
             Began as a Vine Stalker Enchanter on May 28, 2019.
             Slain by a giant cockroach (1 damage)
             ... on level 1 of the Dungeon.
             The game lasted 00:04:29 (1066 turns).

wilfster70 the Sneak (Vine Stalker Enchanter)       Turns: 1066, Time: 00:04:30

Health: 0/13       AC:  2    Str: 10    XL:     2   Next: 83%
Magic:  0/6        EV: 12    Int: 15    God:
Gold:   74         SH:  0    Dex: 14    Spells: 3/6 levels left

rFire    . . .     SeeInvis .   a - +1 dagger
rCold    . . .     Gourm    .   (no shield)
rNeg     . . .     Faith    .   l - +0 robe
rPois    .         Spirit   +   (no helmet)
rElec    .         Reflect  .   (no cloak)
rCorr    .         Harm     .   (no gloves)
MR       .....                  (no boots)
Stlth    +++.......             (no amulet)
HPRegen  0.04/turn              (no ring)
MPRegen  0.10/turn              (no ring)

@: no status effects
A: fangs 2, magic shield, antimagic bite, no potion heal 3, rot immunity
a: no special abilities


You were on level 1 of the Dungeon.
You were hungry.

You visited 1 branch of the dungeon, and saw 1 of its levels.

You collected 74 gold pieces.

Inventory:

Hand Weapons
 a - a +1 dagger (weapon)
 b - a +1 hunting sling of flaming
Missiles
 o - 42 stones (quivered)
Armour
 l - a +0 robe (worn)
Scrolls
 c - a scroll of magic mapping {unknown}
 e - a scroll of random uselessness {unknown}
 g - a scroll of remove curse {unknown}
 i - a scroll of teleportation {unknown}
 n - a scroll of identify {unknown}
Potions
 f - 2 potions of heal wounds {unknown}
 h - a potion of lignification {unknown}
 j - a potion of haste {unknown}
 m - a potion of flight {unknown}
Comestibles
 d - 5 rations
 k - a chunk of flesh


   Skills:
 - Level 0.8 Short Blades
 - Level 1.5 Dodging
 + Level 4.1 Stealth
 + Level 2.6 Spellcasting
 + Level 3.3 Hexes


You had 3 spell levels left.
You knew the following spells:

 Your Spells              Type           Power        Failure   Level  Hunger
a - Corona                Hex            ##.....      5%          1    #......
b - Ensorcelled Hibernat  Hex/Ice        #.....       16%         2    ###....

Your spell library contained the following spells:

 Spells                   Type           Power        Failure   Level  Hunger
 Confuse                  Hex            ##......     16%         3    ###....
 Tukima's Dance           Hex            ##......     16%         3    ###....
 Dazzling Spray           Conj/Hex       #.....       30%         3    ###....


Dungeon Overview and Level Annotations

Branches:
Dungeon (1/15)

Altars:


Innate Abilities, Weirdness & Mutations

You have extremely sharp teeth.
When hurt, damage is shared between your health and your magic reserves.
Your bite disrupts and absorbs the magic of your enemies.
Potions cannot restore your health.
You are immune to rotting.


Message History

* * * LOW HITPOINT WARNING * * *
The bat closely misses you. The bat closely misses you.
You miss the bat. Your bite misses the bat.
The bat hits you but does no damage.
You hit the frilled lizard.
The frilled lizard is heavily wounded.
The frilled lizard bites you.
* * * LOW HITPOINT WARNING * * *
Casting: Ensorcelled Hibernation (safe; 16% risk of failure)
Confirm with . or Enter, or press ? or * to list all spells.
You don't have enough magic to cast that spell.
The bat misses you.
You see here a +0 club.
You barely miss the bat. Your bite misses the bat. The bat misses you.
The bat hits you but does no damage.
You hit the bat. Your bite misses the bat.
The bat is severely wounded.
The bat hits you. The giant cockroach bites you.
You die...

........##..........#............
.......####......####(...........
#.........##.....#...........#+##
#.........####...#...........#...
#)...............#...........#...
......>..........................
.................................
.....................#.#.........
................@###.............
.................sl##.#..........
.#...#..........b#....#..........
.#...#..........##.#.##.#####....
.#...#..........#....#......#....
#.รท.....###....#s##........#....
#.................###...........
#...............................
#................#..............


You could see a giant cockroach, a bat and a frilled lizard.

Vanquished Creatures
  A dart slug (D:1)
  A leopard gecko (D:1)
  3 bats (D:1)
  A goblin (D:1)
  2 hobgoblins (D:1)
  A jackal (D:1)
  2 frilled lizards (D:1)
  4 kobolds (D:1)
  4 rats (D:1)
19 creatures vanquished.

Notes
Turn   | Place    | Note
-------+----------+-------------------------------------------
     0 | D:1      | wilfster70 the Vine Stalker Enchanter began the quest for
                  | the Orb.
     0 | D:1      | Reached XP level 1. HP: 9/9 MP: 4/4
   358 | D:1      | Reached XP level 2. HP: 3/13 MP: 4/6
   363 | D:1      | Learned a level 2 spell: Ensorcelled Hibernation
   623 | D:1      | Reached skill level 4 in Stealth
  1066 | D:1      | Slain by a giant cockroach

Skill      XL: |  1  2 |
---------------+-------+-----
Stealth        | 4 |  4.1
Short Blades   | |  0.8
Dodging        | |  1.5
Spellcasting   | |  2.6
Hexes          | |  3.3

Action                   || total
-------------------------++-------
Melee: Dagger            ||    61
       Bite              ||    13
 Cast: Ensorcelled Hiber ||     4
 Stab: Sleeping          ||     4
Armor: Robe              ||    39
Dodge: Dodged            ||    95
